 Dungeon Crawl Stone Soup version 0.24-a0-613-g1ff6aac338 (webtiles) character file.

Game seed: 13791086533238187058, levelgen mode: deterministic

17194 D1HalberdGnoll the Arsonist (level 12, -13/110 HPs)
             Began as a Green Draconian Fire Elementalist on Aug 31, 2019.
             Was an Elder of Vehumet.
             Mangled by an eight-headed hydra (14 damage)
             ... on level 4 of the Lair of Beasts on Sept 11, 2019.
             The game lasted 00:38:21 (17699 turns).

D1HalberdGnoll the Arsonist (DrFE)                 Turns: 17699, Time: 00:38:22

Health: -13/110    AC: 11    Str: 12    XL:     12   Next: 16%
Magic:  13/22      EV: 17    Int: 26    God:    Vehumet [****..]
Gold:   540        SH:  0    Dex: 16    Spells: 4/25 levels left

rFire    + . .     SeeInvis .   G - +3 flail of Qoiheu {freeze, Int+7 Dex+4}
rCold    x . .     Gourm    .   (no shield)
rNeg     . . .     Faith    .   (armour unavailable)
rPois    +         Spirit   .   (helmet restricted)
rElec    .         Reflect  .   r - +1 cloak
rCorr    .         Harm     .   h - +0 pair of gloves
MR       .....                  (no boots)
Stlth    ++........             y - amulet of the acrobat
HPRegen  0.28/turn              C - ring of wizardry
MPRegen  0.18/turn              d - ring of fire

@: no status effects
A: breathe noxious fumes, unfitting armour, poison resistance, cold-blooded, AC
+8
a: Breathe Noxious Fumes, Renounce Religion


You were on level 4 of the Lair of Beasts.
You worshipped Vehumet.
Vehumet was greatly pleased with you.
You were hungry.

You visited 3 branches of the dungeon, and saw 16 of its levels.

You collected 540 gold pieces.

Inventory:

Hand Weapons
 G - the +3 flail of Qoiheu (weapon) {freeze, Int+7 Dex+4}
   (You found it on level 1 of the Lair of Beasts)

   It has been specially enchanted to freeze those struck by it, causing extra
   injury to most foes and up to half again as much damage against particularly
   susceptible opponents.
   It can also slow down cold-blooded creatures.
   It affects your intelligence (+7).
   It affects your dexterity (+4).
Armour
 h - a +0 pair of gloves (worn)
 r - a +1 cloak (worn)
Jewellery
 a - an uncursed ring of positive energy
 d - a ring of fire (right hand)
 k - an uncursed ring of resist corrosion
 y - an amulet of the acrobat (around neck)
 C - a ring of wizardry (left hand)
Wands
 c - a wand of paralysis (17)
 t - a wand of random effects (27)
 w - a wand of polymorph (7)
Scrolls
 e - 5 scrolls of remove curse
 f - 4 scrolls of enchant armour
 g - 2 scrolls of teleportation
 l - a scroll of holy word {unknown}
 o - a scroll of amnesia
 p - 3 scrolls of identify
 u - a scroll of acquirement {unknown}
 x - 2 scrolls of fear
 B - a scroll of silence
Potions
 i - 5 potions of heal wounds
 j - 2 potions of lignification {unknown}
 m - 5 potions of curing
 n - a potion of ambrosia {unknown}
 q - a potion of resistance {unknown}
 s - a potion of flight {unknown}
 v - a potion of magic {unknown}
 z - a potion of mutation {unknown}
 A - 3 potions of might {unknown}
Comestibles
 b - 29 rations


   Skills:
 + Level 11.2 Fighting
 + Level 6.9 Dodging
 - Level 1.7 Stealth
 + Level 7.1 Spellcasting
 - Level 5.5 Conjurations
 * Level 11.9 Fire Magic
 - Level 5.4 Poison Magic


You had 4 spell levels left.
You knew the following spells:

 Your Spells              Type           Power        Failure   Level  Hunger
a - Flame Tongue          Conj/Fire      #####        1%          1    None
b - Conjure Flame         Conj/Fire      ######..     1%          3    None
c - Sticky Flame          Conj/Fire      ######..     1%          4    ###....
d - Poisonous Vapours     Pois/Air       ###...       1%          2    None
e - Fireball              Conj/Fire      ######....   1%          5    #####..
f - Olgreb's Toxic Radia  Pois           #####...     1%          4    ###....
g - Passwall              Tmut/Erth      #.......     4%          2    None

Your spell library contained the following spells:

 Spells                   Type           Power        Failure   Level  Hunger
 Throw Icicle             Conj/Ice       ###.....     2%          4    ###....
 Sandblast                Erth           #.....       1%          1    None
 Sting                    Conj/Pois      ####         1%          1    None
 Throw Flame              Conj/Fire      ######       1%          2    None
 Inner Flame              Hex/Fire       ######..     1%          3    None
 Mephitic Cloud           Conj/Pois/Air  ####....     1%          3    None
 Stone Arrow              Conj/Erth      ###...       1%          3    None
 Apportation              Tloc           #.....       2%          1    None
 Summon Butterflies       Summ           #.......     2%          1    None
 Lesser Beckoning         Tloc           #.........   8%          3    None
 Tukima's Dance           Hex            #.......     8%          3    None
 Petrify                  Tmut/Erth      #.......     24%         4    ###....
 Venom Bolt               Conj/Pois      #####.....   2%          5    #####..
 Lee's Rapid Deconstruct  Erth           #.........   17%         5    #####..
 Alistair's Intoxication  Tmut/Pois      ###.....     22%         5    #####..
 Invisibility             Hex            #.......     97%         6    ######.


Dungeon Overview and Level Annotations

Branches:
Dungeon (10/15)            Temple (1/1) D:5            Lair (5/6) D:9
  Swamp: Lair:2-4    Shoals: Lair:2-4     Snake: Lair:2-4    Spider: Lair:2-4
  Slime: Lair:5-6       Orc: D:9-12

Altars:
Ashenzari
Cheibriados
Dithmenos
Elyvilon
Fedhas
Gozag
Hepliaklqana
Kikubaaqudgha
Makhleb
Nemelex Xobeh
Okawaru
Qazlal
Ru
Sif Muna
Trog
Uskayaw
Vehumet
Wu Jian
Xom
Yredelemnul
Zin
The Shining One

Annotations:
D:4 2 runed translucent doors, mishael's ghost, amateur DrFi
D:5 1 runed translucent door, exclusion: downstairs
D:7 Duvessa; Harold


Innate Abilities, Weirdness & Mutations

You can breathe blasts of noxious fumes.
Your lurid green scales are hard. (AC +8)
You cannot fit into any form of body armour.
Your system is resistant to poisons. (rPois)
You are cold-blooded and may be slowed by cold attacks.


Message History

Press: ? - help, Shift-Dir - straight line, f/p - eight-headed hydra
Aim: an eight-headed hydra (flame, severely wounded, covered in liquid flames)
You feel a surge of power!
The flame tongue hits the eight-headed hydra.
The eight-headed hydra is severely wounded.
The eight-headed hydra burns!
The eight-headed hydra is engulfed in blazing flames.
The eight-headed hydra bites you!
* * * LOW HITPOINT WARNING * * *
The eight-headed hydra bites you!
* * * LOW HITPOINT WARNING * * *
The eight-headed hydra bites you.
* * * LOW HITPOINT WARNING * * *
The eight-headed hydra misses you.
The eight-headed hydra barely misses you.
The eight-headed hydra bites you!
* * * LOW HITPOINT WARNING * * *
The eight-headed hydra bites you but does no damage.
The eight-headed hydra bites you!
You die...

### ##### ##.# ##
######@#.###..#### ####.#
#..P###D..##..##.## #..>##
##...#....#........####
..##.#####..........P.........P#
. ##..P#..#...................#
#.....PP........#......##..##
##....†........###.....###...
#.......##........##......##.#
#.P......#.......####......#...


You could see an eight-headed hydra (burning).

Vanquished Creatures
  Erica (D:8)
  A centaur warrior (D:8)
  A hydra (Lair:5)
  A two-headed ogre (D:9)
  Pikel (D:5)
  An elephant (D:9)
  4 black mambas
  3 spiny frogs
  2 komodo dragons
  A queen bee (Lair:3)
  2 trolls (D:9)
  Prince Ribbit (D:6)
  3 hippogriffs
  18 yaks
  4 basilisks
  Eustachio (D:6)
  Edmund (D:6)
  3 water moccasins
  3 porcupines
  4 black bears
  An orc warrior (D:6)
  An ice beast (D:10)
  3 phantoms
  A sky beast (D:10)
  2 ogres
  5 wolves (Lair:1)
  3 centaurs
  6 crocodiles
  A big kobold (D:9)
  4 bullfrogs
  Dowan (D:7)
  3 scorpions
  36 killer bees
  5 howler monkeys
  6 jellies
  9 orc priests
  8 orc wizards
  A centaur skeleton (D:9)
  5 hounds
  Crazy Yiuf (D:6)
  A bullfrog skeleton (D:4)
  11 worker ants
  A killer bee zombie (D:8)
  A hound skeleton (D:4)
  2 howler monkey skeletons
  7 gnolls
  15 adders
  A white imp (D:9)
  An adder zombie (D:8)
  An adder skeleton (D:6)
  2 worms (D:2)
  3 leopard geckos
  24 orcs
  A ball python (D:3)
  10 giant cockroaches
  7 goblins
  5 hobgoblins
  5 jackals
  3 quokkas
  11 bats
  6 frilled lizards
  A goblin skeleton (D:9)
  3 goblin zombies
  A hobgoblin zombie (D:9)
  A jackal skeleton (D:4)
  A jackal zombie (D:5)
  11 kobolds
  2 kobold skeletons (D:9)
  A kobold zombie (D:9)
  An orc skeleton (D:9)
  An orc zombie (D:9)
  A quokka skeleton (D:4)
  11 rats
311 creatures vanquished.

Vanquished Creatures (collateral kills)
  A centaur (D:9)
1 creature vanquished.

Vanquished Creatures (others)
  2 slaves (D:6)
  A crimson imp (D:6)
  An orc (D:6)
  3 fungi
7 creatures vanquished.

Grand Total: 319 creatures vanquished

Notes
Turn   | Place    | Note
-------+----------+-------------------------------------------
     0 | D:1      | D1HalberdGnoll the Draconian Fire Elementalist began the
                  | quest for the Orb.
     0 | D:1      | Reached XP level 1. HP: 14/14 MP: 3/3
   197 | D:1      | Reached XP level 2. HP: 22/22 MP: 3/5
   742 | D:2      | Reached skill level 1 in Fighting
   742 | D:2      | Reached XP level 3. HP: 28/28 MP: 3/6
   788 | D:2      | Learned a level 3 spell: Conjure Flame
  1617 | D:2      | Reached XP level 4. HP: 31/35 MP: 3/7
  1734 | D:2      | Learned a level 4 spell: Sticky Flame
  1742 | D:2      | Found a shimmering altar of Xom.
  1748 | D:2      | Found a shimmering altar of Xom.
  1749 | D:2      | Found a shimmering altar of Xom.
  1749 | D:2      | Found a shimmering altar of Xom.
  1750 | D:2      | Found a shimmering altar of Xom.
  1750 | D:2      | Found a shimmering altar of Xom.
  1750 | D:2      | Found a shimmering altar of Xom.
  1750 | D:2      | Found a shimmering altar of Xom.
  2605 | D:2      | Reached XP level 5. HP: 41/41 MP: 1/9
  3254 | D:3      | Found a burning altar of Makhleb.
  4048 | D:4      | Reached XP level 6. HP: 50/50 MP: 0/10
  4147 | D:4      | Reached skill level 5 in Fire Magic
  5100 | D:4      | Your scales start taking on a lurid green colour.
  5100 | D:4      | Reached XP level 7. HP: 51/58 MP: 2/12
  5100 | D:4      | Gained mutation: Your system is resistant to poisons.
                  | (rPois) [Green Draconian growth]
  5315 | D:4      | Found a snail-covered altar of Cheibriados.
  5316 | D:4      | Found a basalt altar of Yredelemnul.
  5455 | D:4      | Found a large runed translucent door.
  5455 | D:4      | Found a large runed translucent door.
  5455 | D:4      | Noticed mishael's ghost (amateur DrFi)
  5811 | D:5      | Entered Level 5 of the Dungeon
  5978 | D:5      | Found a runed translucent door.
  5978 | D:5      | Noticed a human
  5979 | D:5      | Found a basalt altar of Yredelemnul.
  6060 | D:5      | Found a staircase to the Ecumenical Temple.
  6071 | Temple   | Entered the Ecumenical Temple
  6190 | Temple   | Became a worshipper of Vehumet
  6341 | D:5      | Reached skill level 5 in Fighting
  6782 | D:6      | Noticed Prince Ribbit
  6810 | D:6      | Noticed Eustachio
  6816 | D:6      | Killed Eustachio
  6816 | D:6      | Reached XP level 8. HP: 60/68 MP: 5/14
  6889 | D:6      | Learned a level 2 spell: Poisonous Vapours
  7153 | D:6      | Noticed Pikel
  7190 | D:5      | Killed Pikel
  7190 | D:5      | Reached skill level 5 in Spellcasting
  7190 | D:5      | Reached skill level 5 in Conjurations
  7397 | D:6      | Noticed Edmund
  7413 | D:6      | Killed Edmund
  7910 | D:6      | Reached skill level 1 in Poison Magic
  7910 | D:6      | Reached XP level 9. HP: 74/74 MP: 6/17
  8012 | D:6      | Killed Prince Ribbit
  8278 | D:6      | Found a runed translucent door.
  8279 | D:6      | Noticed Crazy Yiuf
  8420 | D:6      | Killed Crazy Yiuf
  8718 | D:7      | Noticed Harold
  8962 | D:7      | Found a sacrificial altar of Ru.
  9586 | D:7      | Noticed Dowan
  9587 | D:7      | Noticed Duvessa
  9593 | D:7      | Killed Dowan
  9687 | D:8      | Noticed a centaur warrior
  9696 | D:8      | Killed a centaur warrior
  9696 | D:8      | Reached skill level 5 in Poison Magic
  9987 | D:8      | Found a shattered altar of Ashenzari.
  9987 | D:8      | Found an iron altar of Okawaru.
 10095 | D:8      | Reached * piety under Vehumet
 10095 | D:8      | Offered knowledge of Freeze by Vehumet.
 10113 | D:8      | Learned a level 5 spell: Fireball
 10320 | D:8      | Noticed Erica
 10332 | D:8      | Killed Erica
 10332 | D:8      | Reached XP level 10. HP: 58/88 MP: 7/18
 10801 | D:8      | Found a shimmering altar of Xom.
 11472 | D:9      | Noticed an elephant
 11476 | D:9      | Found a glowing golden altar of the Shining One.
 11552 | D:9      | Found a staircase to the Lair.
 11559 | D:9      | Offered knowledge of Throw Frost by Vehumet.
 11576 | D:9      | Reached ** piety under Vehumet
 11818 | D:9      | Reached skill level 10 in Fire Magic
 11950 | D:9      | Noticed a two-headed ogre
 11963 | D:9      | Killed a two-headed ogre
 12379 | D:9      | Found an iron altar of Okawaru.
 12391 | D:9      | Upgraded the game from 0.24-a0-584-g9d6b971ae4 to
                  | 0.24-a0-613-g1ff6aac338
 12760 | D:9      | Killed an elephant
 12760 | D:9      | Offered knowledge of Static Discharge by Vehumet.
 12863 | D:9      | Reached skill level 5 in Dodging
 13038 | D:9      | Reached skill level 10 in Fighting
 13175 | D:9      | Reached *** piety under Vehumet
 13240 | D:10     | Entered Level 10 of the Dungeon
 13271 | D:10     | Reached XP level 11. HP: 99/99 MP: 14/19
 14427 | Lair:1   | Entered Level 1 of the Lair of Beasts
 14433 | Lair:1   | Learned a level 4 spell: Olgreb's Toxic Radiance
 14675 | Lair:1   | Offered knowledge of Stone Arrow by Vehumet.
 15827 | Lair:1   | Got a warped flail
 15888 | Lair:1   | Identified the +3 flail of Qoiheu {freeze, Int+7 Dex+4}
                  | (You found it on level 1 of the Lair of Beasts)
 16382 | Lair:2   | Learned a level 2 spell: Passwall
 16528 | Lair:2   | You fall into a shaft and drop 1 floor!
 16531 | Lair:3   | Reached **** piety under Vehumet
 16531 | Lair:3   | Offered knowledge of Throw Icicle by Vehumet.
 16989 | Lair:3   | Reached XP level 12. HP: 110/110 MP: 4/22
 17204 | Lair:3   | You fall into a shaft and drop 2 floors!
 17304 | Lair:5   | Noticed a four-headed hydra
 17312 | Lair:5   | Killed a four-headed hydra
 17678 | Lair:4   | Noticed an eight-headed hydra
 17699 | Lair:4   | HP: 1/110 [eight-headed hydra (17)]
 17699 | Lair:4   | Mangled by an eight-headed hydra

Levels and vault maps discovered:
D:1:      ncdulo_wetmaze, layout_basic
D:2:      layout_loops_corners, minivault_19, minmay_stone_trees_small,
          xom_redecorated
D:3:      layout_basic, lemuel_round_altar, serial_glass, glass_columns_b,
          glass_columns_b, first_ration
D:4:      cheibrodos_helix_gallery, layout_basic,
          gammafunk_temple_overflow_statue, ebering_ghost_disaster_area
D:5:      layout_gridville, minmay_temple_entry_waves, dk_yredelemnul_ordeal
D:6:      layout_rooms, minmay_misc_feat_alley, uniq_edmund, uniq_eustachio,
          uniq_crazy_yiuf_cottage, uniq_pikel, uniq_prince_ribbit1
D:7:      layout_loops_ring, nicolae_ru_the_path_less_chosen, the_bakery,
          uniq_harold, uniq_duvessa
D:8:      layout_loops_ring, marbit_many_paths,
          chequers_temple_overflow_statue_of_worship, uniq_erica
D:9:      layout_roguey, nicolae_tso_besieged_by_evil, david_lair_generic,
          chequers_decorated_corner, kennysheep_okawaru_gauntlet
D:10:     layout_long_grid
Temple:   nicolae_temple_great_sept
Lair:1:   layout_cave_pods
Lair:2:   layout_misc_corridors, minmay_shoals_entry_hut, roderic_batcave
Lair:3:   layout_roguey [special_room_bee], spider_nest_entry_funnel_web
Lair:4:   minmay_lair_venomous_thicket, layout_layer_cave, lemuel_fruit_tree,
          infiniplex_staircase_pool_2, grunt_megastairs_1
Lair:5:   layout_gridlike, minmay_lair_oklob_chamber

Skill      XL: |  1  2  3  4  5  6  7  8  9 10 11 12 |
---------------+-------------------------------------+-----
Fighting       | 1 2 3 5 8 10 11 | 11.2
Conjurations   | 2 3 4 5 |  5.5
Fire Magic     | 4 5 6 7 9 10 11 | 11.9
Spellcasting   | 3 4 5 6 7 |  7.1
Poison Magic   | 1 5 |  5.4
Dodging        | 5 6 |  6.9
Stealth        | |  1.7

Action                   |  1- 3 |  4- 6 |  7- 9 | 10-12 || total
-------------------------+-------+-------+-------+-------++-------
Melee: Short sword       |    38 |    23 |       |       ||    61
       Tailslap          |     3 |     4 |     9 |    12 ||    28
       Quarterstaff      |       |    35 |    21 |       ||    56
       Whip              |       |       |    69 |    52 ||   121
       Flail             |       |       |       |     5 ||     5
 Cast: Flame Tongue      |    51 |   135 |   177 |   326 ||   689
       Conjure Flame     |     1 |     7 |    10 |    19 ||    37
       Sticky Flame      |       |       |    20 |    42 ||    62
       Poisonous Vapours |       |       |       |    36 ||    36
       Fireball          |       |       |       |     7 ||     7
       Olgreb's Toxic Ra |       |       |       |     4 ||     4
 Abil: Breathe Noxious F |       |       |    13 |     9 ||    22
Evoke: Wand              |       |       |     1 |     2 ||     3
  Use: Scroll            |       |       |    10 |    16 ||    26
 Stab: Sleeping          |       |     1 |       |       ||     1
       Confused          |       |       |     1 |       ||     1
       Paralysed         |       |       |       |     3 ||     3
  Eat: Chunk             |     3 |     8 |    13 |    22 ||    46
       Ration            |       |     1 |     3 |     3 ||     7
Armor: Skin              |    24 |    51 |    56 |    70 ||   201
Dodge: Dodged            |    39 |    87 |    95 |   195 ||   416

Table legend:
 A = Non-vault XP
 B = Vault XP
 C = Vault XP percentage of total XP
 D = Non-vault monster count
 E = Vault monster count
 F = Vault count percentage of total count
                 A         B        C        D         E       F
            +---------+---------+-------+---------+---------+-------
      Total |   19234 |    5330 |  21.7 |     259 |      53 |  17.0
            +---------+---------+-------+---------+---------+-------
        D:1 |      59 |       0 |   0.0 |      21 |       0 |   0.0
        D:2 |     141 |       0 |   0.0 |      33 |       0 |   0.0
        D:3 |     142 |       0 |   0.0 |      24 |       0 |   0.0
        D:4 |     611 |       2 |   0.3 |      25 |       1 |   3.8
        D:5 |     575 |     653 |  53.2 |      13 |       3 |  18.8
        D:6 |     338 |     549 |  61.9 |       8 |       4 |  33.3
        D:7 |     844 |      67 |   7.4 |      16 |       1 |   5.9
        D:8 |    1996 |    1070 |  34.9 |      22 |       2 |   8.3
        D:9 |    2785 |    1100 |  28.3 |      39 |      16 |  29.1
       D:10 |    2693 |       0 |   0.0 |      22 |       0 |   0.0
     Lair:1 |    2907 |       0 |   0.0 |      14 |       0 |   0.0
     Lair:2 |    1491 |       0 |   0.0 |       7 |       0 |   0.0
     Lair:3 |    2512 |    1789 |  41.6 |      11 |      25 |  69.4
     Lair:4 |     476 |     100 |  17.4 |       1 |       1 |  50.0
     Lair:5 |    1664 |       0 |   0.0 |       3 |       0 |   0.0
            +---------+---------+-------+---------+---------+-------
